 Dungeon Crawl Stone Soup version 0.28.0-53-g5a82cb258f (webtiles) character file.

Game seed: 2182873688247734416

79 Sin92 the Skirmisher (level 4, -2/35 HPs)
             Began as a Demonspawn Fighter on June 28, 2022.
             Slain by an ogre
             ... wielding a +0 giant club
              (18 damage)
             ... on level 3 of the Dungeon.
             The game lasted 00:01:03 (2043 turns).

Sin92 the Skirmisher (Demonspawn Fighter)           Turns: 2043, Time: 00:01:04

Health: -2/35      AC: 12    Str: 19    XL:     4   Next: 17%
Magic:  4/4        EV:  9    Int:  9    God:
Gold:   46         SH:  5    Dex: 12    Spells: 3/3 levels left

rFire   . . .      SeeInvis .   a - +0 trident
rCold   . . .      Faith    .   c - +1 buckler
rNeg    . . .      Spirit   .   b - +0 scale mail
rPois   .          Reflect  .   (no helmet)
rElec   .          Harm     .   (no cloak)
rCorr   .          Rampage  .   (no gloves)
Will    .....                   (no boots)
Stlth   ..........              (no amulet)
HPRegen 0.11/turn               (no ring)
MPRegen 0.09/turn               (no ring)

@: mighty, sanguine armoured
A: sanguine armour 1, weakness stinger 1
a: no special abilities


You were on level 3 of the Dungeon.
You visited 1 branch of the dungeon, and saw 3 of its levels.

You collected 46 gold pieces.

Inventory:

Hand Weapons
 a - a +0 trident (weapon)
Armour
 b - a +0 scale mail (worn)
 c - a +1 buckler (worn)
Scrolls
 e - 2 scrolls of identify
Potions
 d - a potion of might
 f - a potion of flight {unknown}


   Skills:
 + Level 3.4 Fighting
 + Level 2.4 Polearms
 + Level 3.1 Armour
 + Level 1.3 Dodging
 + Level 3.1 Shields


You had 3 spell levels left.
You didn't know any spells.
Your spell library contained the following spells:

 Spells                   Type           Power      Damage    Failure   Level
 Frozen Ramparts          Ice            0%         1d2       99%         3
 Ice Form                 Ice/Tmut       0%         N/A       100%        4
 Summon Ice Beast         Ice/Summ       0%         N/A       100%        4


Dungeon Overview and Level Annotations

Branches:
Dungeon (3/15)

Altars:

Shops:
D:1 :


Innate Abilities, Weirdness & Mutations

When seriously injured, your blood forms armour. (AC +6)
You have a small tail.


Message History

The ogre shouts!
You puncture the hobgoblin!
You kill the hobgoblin!
Unknown command.
Unknown command.
An ogre is nearby!
An orc wizard comes into view. It is wielding a +0 dagger.
Unknown command.
There are monsters nearby!
There are monsters nearby!
Unknown command.
You puncture the ogre!
The ogre is moderately wounded.
The ogre hits you with a +0 giant club!
Your blood congeals into armour.
Unknown command.
There are monsters nearby!
There are monsters nearby!
Unknown command.
You are too injured to fight recklessly!
Unknown command.
You are too injured to fight recklessly!
Unknown command.
You are too injured to fight recklessly!
Unknown command.
There are monsters nearby!
You feel very mighty all of a sudden. The ogre closely misses you.
You puncture the ogre!
The ogre is severely wounded.
You block the ogre's attack.
You hit the ogre.
The ogre is almost dead.
An orc comes into view. It is wielding a +0 mace.
The ogre barely misses you.
You barely miss the ogre.
The ogre is almost dead.
The orc wizard hits you but does no damage.
The ogre hits you with a +0 giant club!!
Ouch! That really hurt!
You die...

##.######..# #.#
##.## ######### #<#
#..# #........ ###
##.## #........
#..# #........
######)###.....?..
........).†).......
########.##........
#.##@.......
#..#Oo......
##.#........
.#...###.. .....# .
#.o..# ....# .....#


You could see an ogre, an orc wizard and an orc.

Vanquished Creatures
  3 adders
  3 dart slugs
  4 orcs (D:3)
  5 ball pythons
  4 endoplasms
  2 giant cockroaches
  2 goblins
  3 hobgoblins
  3 kobolds (D:1)
  A quokka (D:2)
  7 bats
  5 rats
42 creatures vanquished.

Notes
Turn   | Place    | Note
-------+----------+-------------------------------------------
     0 | D:1      | Sin92 the Demonspawn Fighter began the quest for the Orb.
     0 | D:1      | Reached XP level 1. HP: 18/18 MP: 1/1
   177 | D:1      | Found a faded altar of an unknown god.
   198 | D:1      | Gained mutation: You have a small tail. [demonic ancestry]
   198 | D:1      | Reached XP level 2. HP: 20/24 MP: 2/2
   250 | D:1      | Found Ziodut's Book Shoppe.
  1046 | D:2      | Gained mutation: When seriously injured, your blood forms
                  | armour. (AC +6) [demonic ancestry]
  1046 | D:2      | Reached XP level 3. HP: 29/29 MP: 3/3
  1216 | D:2      | Reached skill level 1 in Dodging
  1990 | D:3      | Reached XP level 4. HP: 32/35 MP: 4/4
  2035 | D:3      | Noticed an ogre
  2043 | D:3      | Slain by an ogre

Illustrated notes

Levels and vault maps discovered:
D:1:      dpeg_arrival_tiny_a, layout_loops_corners, serial_shops,
          nicolae_shop_waterfront, shapermc_ecumenical_altar_pompeii
D:2:      layout_basic
D:3:      layout_basic, uniq_grinder, uniq_natasha

Skill      XL: |  1  2  3 |
---------------+----------+-----
Polearms       | 2 |  2.4
Armour         | 3 |  3.1
Dodging        | 1 |  1.3
Shields        | 3 |  3.1
Fighting       | |  3.4

Action                   |  1- 3 |  4- 6 || total
-------------------------+-------+-------++-------
Melee: Trident           |   103 |    27 ||   130
       Tailslap          |    14 |     1 ||    15
  Use: Scroll            |     5 |       ||     5
       Potion            |       |     1 ||     1
 Stab: Distracted        |     1 |       ||     1
Armor: Scale mail        |    35 |     5 ||    40
Dodge: Dodged            |    36 |     8 ||    44
Block: Buckler           |    21 |     5 ||    26
